 Dungeon Crawl Stone Soup version 0.28-a0-1184-g53156a8862 (webtiles) character file.

Game seed: 17823901006422265099

180 ytrimaz the Covered (level 5, 0/45 HPs)
             Began as a Demigod Fighter on Dec 17, 2021.
             Slain by Eustachio (11 damage)
             ... on level 4 of the Dungeon.
             The game lasted 00:03:36 (3645 turns).

ytrimaz the Covered (Demigod Fighter)               Turns: 3645, Time: 00:03:36

Health: 0/45       AC:  8    Str: 21    XL:     5   Next: 11%
Magic:  7/7        EV:  9    Int: 10    God:
Gold:   240        SH:  4    Dex: 13    Spells: 4/4 levels left

rFire   . . .      SeeInvis .   a - +1 flail
rCold   . . .      Faith    .   c - +0 buckler
rNeg    . . .      Spirit   .   b - +0 scale mail
rPois   .          Reflect  .   g - +0 helmet
rElec   .          Harm     .   (no cloak)
rCorr   .          Rampage  .   (no gloves)
Will    .....                   (no boots)
Stlth   ..........              (no amulet)
HPRegen 0.15/turn               (no ring)
MPRegen 0.10/turn               (no ring)

@: no status effects
A: high mp 1, forlorn, divine attributes
a: no special abilities


You were on level 4 of the Dungeon.
You visited 1 branch of the dungeon, and saw 4 of its levels.

You collected 240 gold pieces.

Inventory:

Hand Weapons
 a - a +1 flail (weapon)
Armour
 b - a +0 scale mail (worn)
 c - a +0 buckler (worn)
 g - a +0 helmet (worn)
Wands
 j - a wand of paralysis (5)
Scrolls
 h - 2 scrolls of blinking
 i - a scroll of enchant weapon
 m - a scroll of immolation {unknown}
Potions
 d - 2 potions of might
 e - a potion of haste {unknown}
 f - 2 potions of flight {unknown}
 k - a potion of curing
 l - a potion of degeneration {unknown}


   Skills:
 + Level 3.3 Fighting
 + Level 3.5 Maces & Flails
 + Level 3.6 Armour
 + Level 3.2 Shields


You had 4 spell levels left.
You didn't know any spells.
Your spell library contained the following spells:

 Spells                   Type           Power      Damage    Failure   Level
 Static Discharge         Conj/Air       0%         N/A       86%         2
 Gell's Gravitas          Tloc           0%         N/A       97%         3
 Teleport Other           Tloc           0%         N/A       97%         3
 Dispel Undead            Necr           0%         3d6       100%        4
 Sticky Flame             Conj/Fire      0%         2d3       100%        4
 Dispersal                Tloc           0%         N/A       100%        6


Dungeon Overview and Level Annotations

Branches:
Dungeon (4/15)
 Temple: D:4-7

Shops:
D:2 [

Annotations:
D:4 Eustachio


Innate Abilities, Weirdness & Mutations

You have an increased reservoir of magic. (+10% MP)
You shall have no god before yourself.
Your divine heritage dramatically boosts your attributes as you level up.


Message History

Eustachio mumbles some strange words.
The bat barely misses you. The rat bites you but does no damage.
Eustachio hits you with a +2 falchion of electrocution.
You sock Eustachio!
Eustachio is severely wounded.
The bat closely misses you. You block the bat's attack.
The bat closely misses you. You block the bat's attack.
The rat closely misses you. The bat barely misses you.
Eustachio gestures wildly while chanting.
The bat hits you but does no damage.
The crimson imp hits you but does no damage.
The rat twitches its whiskers.
You block the rat's attack.
You hit Eustachio.
Eustachio is almost dead.
The bat barely misses you. The bat hits you but does no damage.
You block the bat's attack. The bat hits you but does no damage.
The bat barely misses you.
Eustachio hits you with a +2 falchion of electrocution.
You block the crimson imp's attack. The rat closely misses you.
The bat hits you. x2
You miss Eustachio.
Eustachio is almost dead.
The bat hits you but does no damage. The bat hits you.
The bat hits you but does no damage. x2; The bat barely misses you.
Eustachio closely misses you. The crimson imp barely misses you.
The rat bites you. The bat closely misses you.
Unknown command.
You miss Eustachio.
Eustachio is almost dead.
The bat hits you but does no damage. The bat barely misses you. x2
Eustachio hits you with a +2 falchion of electrocution!
The bat closely misses you. The crimson imp barely misses you.
The rat bites you but does no damage.
The white imp hits you but does no damage.
The bat closely misses you.
Eustachio hits you with a +2 falchion of electrocution.
* * * LOW HITPOINT WARNING * * *
You are electrocuted!
You die...

#.......#...#P##
#..........####
###.#####..#
#.##.##.##
#....##.####### ###
##....#.#.....# #..
##..b###.....# #..
#..5.b...##### #..
#..b@r##....... #..
#..5@5#############..
#...........# #......
###...######.###......
#.............##......
#..............†.....#
#..............#.....#
####'#..####+#.#.....#
#.#<.# #.#.....#


You could see Eustachio, an iron imp (summoned), a crimson imp (summoned), a
white imp (summoned), 3 bats and a rat (summoned).

Vanquished Creatures
  A centaur skeleton (D:4)
  An orc wizard (D:3)
  Ijyb (D:4)
  4 adders
  2 worms
  2 dart slugs (D:1)
  3 orcs (D:3)
  3 endoplasms
  2 giant cockroaches
  9 hobgoblins
  4 jackals
  6 kobolds
  2 quokkas (D:2)
  3 ball pythons
  2 bats (D:2)
  5 frilled lizards
  4 goblins
  3 rats
  A spectral goblin (D:3)
58 creatures vanquished.

Notes
Turn   | Place    | Note
-------+----------+-------------------------------------------
     0 | D:1      | ytrimaz the Demigod Fighter began the quest for the Orb.
     0 | D:1      | Reached XP level 1. HP: 18/18 MP: 3/3
   342 | D:1      | Reached XP level 2. HP: 25/25 MP: 4/4
   991 | D:2      | Found Tytieso's Antique Armour Boutique.
  1131 | D:2      | Reached XP level 3. HP: 25/31 MP: 5/5
  1979 | D:3      | HP: 1/31 [orc wizard/puff of flame (7)]
  1988 | D:3      | Reached XP level 4. HP: 19/38 MP: 6/6
  3047 | D:4      | Noticed Ijyb
  3049 | D:4      | Paralysed by Ijyb for 2 turns
  3057 | D:4      | Paralysed by Ijyb for 5 turns
  3069 | D:4      | Killed Ijyb
  3070 | D:4      | Reached XP level 5. HP: 31/45 MP: 7/7
  3619 | D:4      | Noticed Eustachio
  3645 | D:4      | Slain by Eustachio

Illustrated notes

Levels and vault maps discovered:
D:1:      saegor_arrival_simple_a, layout_loops_ring, chequers_decorated_corner
D:2:      layout_basic, serial_shops, shop_fountains, minivault_5,
          minmay_tromino_mix6
D:3:      layout_rooms, dreamdust_ecumenical_altar_drowned_temple
D:4:      layout_basic, st_stairs_13, uniq_ijyb, uniq_crazy_yiuf_cottage,
          uniq_eustachio

Skill      XL: |  1  2  3  4 |
---------------+-------------+-----
Maces & Flails | 2 3 |  3.5
Armour         | 3 |  3.6
Fighting       | 3 |  3.3
Shields        | 3 |  3.2

Action                   |  1- 3 |  4- 6 || total
-------------------------+-------+-------++-------
Melee: Flail             |   146 |   105 ||   251
  Use: Scroll            |     3 |     2 ||     5
       Potion            |     3 |       ||     3
Armor: Scale mail        |    53 |   102 ||   155
Dodge: Dodged            |    69 |   103 ||   172
Block: Buckler           |    27 |    44 ||    71

Table legend: (Time is in decaauts)
 A = Elapsed time spent in this place.
 B = Non-inter-level travel time spent in this place.
 C = Inter-level travel time spent in this place.
 D = Time resting spent in this place.
 E = Time spent auto-exploring this place.
 F = Levels seen in this place.
 G = Mean time per level.
                   A        B        C        D        E       F      G
               +--------+--------+--------+--------+--------+-----+--------+
         Total |   3730 |   3663 |     67 |    737 |   2214 |   4 |  932.5 |
       Dungeon |   3730 |   3663 |     67 |    737 |   2214 |   4 |  932.5 |
               +--------+--------+--------+--------+--------+-----+--------+

Top non-repeatable levels by time:
     D:3: 1231 daAuts
     D:4: 878 daAuts
     D:2: 834 daAuts
     D:1: 786 daAuts
